 Dungeon Crawl Stone Soup version 0.28.0-53-g5a82cb258f (webtiles) character file.

Game seed: 1838432657615779264

174 safid the Chopper (level 5, -2/46 HPs)
             Began as a Hill Orc Fighter on June 30, 2022.
             Slain by Sigmund
             ... wielding a +0 scythe
              (5 damage)
             ... on level 3 of the Dungeon.
             The game lasted 00:04:06 (2231 turns).

safid the Chopper (Hill Orc Fighter)                Turns: 2231, Time: 00:04:07

Health: -2/46      AC: 14    Str: 21    XL:     5   Next: 54%
Magic:  5/5        EV:  5    Int: 11    God:
Gold:   51         SH:  0    Dex: 10    Spells: 4/4 levels left

rFire   . . .      SeeInvis .   a - +0 war axe
rCold   . . .      Faith    .   c - +0 buckler
rNeg    . . .      Spirit   .   i - +0 plate armour
rPois   .          Reflect  .   g - +2 helmet {Int+3}
rElec   .          Harm     .   (no cloak)
rCorr   .          Rampage  .   (no gloves)
Will    .....                   (no boots)
Stlth   ..........              (no amulet)
HPRegen 0.15/turn               (no ring)
MPRegen 0.09/turn               (no ring)

@: confused
A: no striking features
a: no special abilities


You were on level 3 of the Dungeon.
You visited 1 branch of the dungeon, and saw 3 of its levels.

You collected 63 gold pieces.
You spent 12 gold pieces at shops.

Inventory:

Hand Weapons
 a - a +0 war axe (weapon)
Missiles
 b - 10 poisoned darts (quivered)
 k - 6 javelins
Armour
 c - a +0 buckler (worn)
 g - a +2 helmet of intelligence (worn)
 i - a +0 plate armour (worn)
Scrolls
 e - a scroll of identify {unknown}
 j - a scroll of magic mapping {unknown}
Potions
 d - 2 potions of might
 f - a potion of cancellation {unknown}
 h - a potion of curing {unknown}
 l - 2 potions of heal wounds {unknown}
 m - 2 potions of mutation {unknown}
 o - a potion of degeneration
Miscellaneous
 n - a tin of tremorstones (2/2)


   Skills:
 - Level 4.0 Fighting
 + Level 6.1 Axes
 - Level 4.0 Armour
 - Level 4.0 Shields


You had 4 spell levels left.
You didn't know any spells.
Your spell library contained the following spells:

 Spells                   Type           Power      Damage    Failure   Level
 Magic Dart               Conj           0%         1d3       100%        1
 Summon Small Mammal      Summ           0%         N/A       100%        1
 Searing Ray              Conj           0%         2d4       100%        2
 Call Canine Familiar     Summ           0%         N/A       100%        3
 Ignite Poison            Fire/Tmut/Pois 0%         N/A       100%        3
 Mephitic Cloud           Conj/Pois/Air  0%         N/A       100%        3
 Summon Guardian Golem    Hex/Summ       0%         N/A       100%        3
 Fulminant Prism          Conj/Hex       0%         3d6       100%        4
 Freezing Cloud           Conj/Ice/Air   0%         6-21      100%        5


Dungeon Overview and Level Annotations

Branches:
Dungeon (3/15)

Altars:
Yredelemnul

Shops:
D:2 :   D:3 *![

Annotations:
D:3 Sigmund


Message History

You closely miss something.
You hear some strange, mumbled words.
Something tries to affect you, but you resist.
Something hits you.
You hit something but do no damage. You miss something.
Something hits you but does no damage.
You closely miss something. Something hits you but does no damage.
You closely miss something. Something hits you but does no damage.
You miss something. Something hits you but does no damage.
You barely miss something. You miss something.
You hear some strange, mumbled words.
A magic dart appears from out of thin air!
The magic dart hits you but does no damage.
Something hits you.
* * * LOW HITPOINT WARNING * * *
You hit something. You closely miss something.
Something hits you but does no damage.
You miss something.
You hear some strange, mumbled words.
You are confused.
You bump into the rock wall.
Something hits you!
* * * LOW HITPOINT WARNING * * *
Something hits you but does no damage.
Sigmund appears from thin air!
Reactivating autopickup.
Sigmund points at you and mumbles some strange words.
You are more confused.
You're too confused to move!
Sigmund hits you but does no damage. Sigmund casts a spell at you.
You resist with some effort.
You bump into the rock wall.
Sigmund hits you from afar with a +0 scythe.
* * * LOW HITPOINT WARNING * * *
You're too confused to move!
You bump into the rock wall.
Sigmund hits you but does no damage.
You bump into the rock wall.
Sigmund hits you but does no damage.
Unknown command.
You bump into the rock wall.
Sigmund hits you with a +0 scythe.
You die...

# #.# #.#
#####
###'###.#
#....
........#
#....#
#########
#....#
#....#
#....#
#....###
#####
#...>..#
....##
#...@@.#
.>...##
####.###
......# #.#
......# #.#
##.. ......#
##.##.....
).....#
####.....#
......#
#.....####
.# .....##
#...#..#
##.#
......###
#...##.##...


You could see Sigmund.

Vanquished Creatures
  A hound (D:3)
  Jessica (D:3)
  An orc wizard (D:3)
  A worm (D:3)
  3 dart slugs
  4 orcs (D:3)
  3 bats
  6 endoplasms
  4 giant cockroaches
  5 goblins
  7 hobgoblins
  6 jackals (D:1)
  7 kobolds
  3 quokkas
  10 ball pythons
  7 frilled lizards
  7 rats
76 creatures vanquished.

Vanquished Creatures (others)
  14 plants (D:3)
14 creatures vanquished.

Grand Total: 90 creatures vanquished

Notes
Turn   | Place    | Note
-------+----------+-------------------------------------------
     0 | D:1      | safid the Hill Orc Fighter began the quest for the Orb.
     0 | D:1      | Reached XP level 1. HP: 19/19 MP: 1/1
   203 | D:1      | Reached skill level 3 in Axes
   203 | D:1      | Reached XP level 2. HP: 21/27 MP: 2/2
   506 | D:1      | Reached XP level 3. HP: 33/33 MP: 3/3
   899 | D:2      | Found Bustreipol's Book Boutique.
  1547 | D:3      | Found Ygysh's Armour Shoppe.
  1551 | D:3      | Reached XP level 4. HP: 35/40 MP: 4/4
  1557 | D:3      | Reached skill level 4 in Axes
  1573 | D:3      | Noticed Jessica
  1582 | D:3      | Killed Jessica
  1583 | D:3      | Reached skill level 5 in Axes
  1583 | D:3      | Reached XP level 5. HP: 27/46 MP: 5/5
  1852 | D:3      | Found Zaumyv's Assorted Antiques.
  1974 | D:3      | Reached skill level 6 in Axes
  2009 | D:3      | Found a basalt altar of Yredelemnul.
  2064 | D:3      | Found Dobbapuc's Distillery.
  2073 | D:3      | Bought a potion of degeneration for 12 gold pieces
  2192 | D:3      | Noticed Sigmund
  2226 | D:3      | HP: 2/46 [Sigmund/+0 scythe (5)]
  2231 | D:3      | Slain by Sigmund

Illustrated notes

Levels and vault maps discovered:
D:1:      minmay_arrival_wavy_path, layout_loops_ring, minmay_fountain_box
D:2:      layout_basic, serial_shops, shop
D:3:      layout_rooms, lemuel_doored_altar, dilly_ecumenical_altar_fadedgnrine,
          serial_shops, shop, nicolae_shop_hallway_stairs,
          nicolae_shop_competitors_out_of_business, minmay_checkerbox,
          uniq_jessica, uniq_sigmund, uniq_crazy_yiuf_cottage

Skill      XL: |  1  2  3  4  5 |
---------------+----------------+-----
Axes           | 3 5 6 |  6.1
Fighting       | 4 |  4.0
Shields        | 4 |  4.0
Armour         | 4 |  4.0

Action                   |  1- 3 |  4- 6 || total
-------------------------+-------+-------++-------
Melee: War axe           |   115 |    77 ||   192
Armor: Scale mail        |    55 |       ||    55
       Plate armour      |    17 |    55 ||    72
Dodge: Dodged            |    58 |    10 ||    68
Block: Buckler           |    35 |    16 ||    51
